 Dungeon Crawl Stone Soup version 0.29.1-1-gd02db6906a (webtiles) character file.

Game seed: 4203535177697476979

98 gelatine the Shield-Bearer (level 4, -16/41 HPs)
             Began as a Minotaur Fighter on Sept 19, 2022.
             Demolished by an orc wizard
             ... wielding a +0 dagger of electrocution
              (20 damage)
             ... on level 4 of the Dungeon.
             The game lasted 00:02:24 (1463 turns).

gelatine the Shield-Bearer (Minotaur Fighter)       Turns: 1463, Time: 00:02:25

Health: -16/41     AC:  7    Str: 22    XL:     4   Next: 44%
Magic:  3/3        EV:  9    Int:  5    God:
Gold:   100        SH:  0    Dex: 10    Spells: 3/3 levels left

rFire   . . .      SeeInvis .   a - +0 war axe
rCold   . . .      Faith    .   c - +0 buckler
rNeg    . . .      Spirit   .   b - +0 scale mail
rPois   .          Reflect  .   (helmet restricted)
rElec   .          Harm     .   (no cloak)
rCorr   .          Rampage  .   (no gloves)
Will    .....                   (no boots)
Stlth   ..........              (no amulet)
HPRegen 0.13/turn               (no ring)
MPRegen 0.08/turn               (no ring)

@: confused
A: horns 2, retaliatory headbutt
a: no special abilities


You were on level 4 of the Dungeon.
You visited 1 branch of the dungeon, and saw 3 of its levels.

You collected 100 gold pieces.

Inventory:

Hand Weapons
 a - a +0 war axe (weapon)
Armour
 b - a +0 scale mail (worn)
 c - a +0 buckler (worn)
Scrolls
 f - 3 scrolls of enchant weapon {unknown}
 g - a scroll of immolation {unknown}
 i - 4 scrolls of teleportation {unknown}
 j - a scroll of enchant armour {unknown}
Potions
 d - a potion of might
 e - a potion of berserk rage {unknown}
 h - a potion of resistance {unknown}
 k - a potion of flight {unknown}
 l - a potion of experience {unknown}
 m - a potion of haste {unknown}


   Skills:
 + Level 4.3 Fighting
 + Level 3.8 Axes
 + Level 4.1 Armour
 + Level 0.5 Dodging
 + Level 4.5 Shields


You had 3 spell levels left.
You didn't know any spells.
Your spell library was empty.

Dungeon Overview and Level Annotations

Branches:
Dungeon (2/15)

Altars:


Innate Abilities, Weirdness & Mutations

You have a pair of horns on your head.
You reflexively headbutt those who attack you in melee.


Message History

The orc hits you but does no damage. Something hits you.
You barely miss something. You hit the orc. The orc closely misses you.
Something hits you but does no damage. The orc hits you but does no damage.
Something hits you but does no damage.
You hit something. You closely miss the orc.
Something hits you but does no damage.
You are electrocuted!
You block the orc's attack.
You closely miss something. Your headbutt misses something.
You hit the orc but do no damage. The orc hits you but does no damage.
Something hits you but does no damage.
You closely miss something. You hit the orc.
You kill the orc!
Something hits you but does no damage.
You hear some strange, mumbled words.
A puff of flame appears from out of thin air!
The puff of flame hits you!
You hit something.
You hear some strange, mumbled words.
Something tries to affect you, but you resist.
You barely miss something. Something hits you but does no damage.
You closely miss something. Your headbutt misses something.
Something hits you but does no damage.
You hear some strange, mumbled words.
You are confused.
You hit something. Something hits you but does no damage.
You miss something. Something hits you.
You are electrocuted!!
* * * LOW HITPOINT WARNING * * *
You hear some strange, mumbled words.
You are more confused.
You closely miss something. Something hits you but does no damage.
You barely miss something.
You hear some strange, mumbled words.
Something tries to affect you, but you resist.
Something hits you but does no damage.
Things that are here:
a +0 short sword; a +0 leather armour; an orc corpse Something hits you.
* * * LOW HITPOINT WARNING * * *
You are electrocuted!!
You die...

.. .## #. ..# #.
.. ###
##.##.##...#
#......#....
###.........#
..##.........##
........@....<##
###...).......#
........?(.?....
...............#
...##..........#
.. ###......###
. #.......# ##
#.......## #..
##........#


There were no monsters in sight!

Vanquished Creatures
  An orc priest (D:4)
  An adder (D:2)
  A worm (D:2)
  3 dart slugs (D:1)
  6 orcs (D:4)
  4 endoplasms
  A giant cockroach (D:1)
  7 goblins
  4 hobgoblins
  4 jackals (D:2)
  4 kobolds
  3 ball pythons (D:1)
  A bat (D:1)
  2 rats
42 creatures vanquished.

Vanquished Creatures (others)
  3 fungi (D:4)
3 creatures vanquished.

Grand Total: 45 creatures vanquished

Notes
Turn   | Place    | Note
-------+----------+-------------------------------------------
     0 | D:1      | gelatine the Minotaur Fighter began the quest for the Orb.
     0 | D:1      | Reached XP level 1. HP: 19/19 MP: 0/0
   108 | D:1      | Reached XP level 2. HP: 27/27 MP: 1/1
   755 | D:2      | Reached XP level 3. HP: 28/33 MP: 2/2
  1060 | D:2      | Found a faded altar of an unknown god.
  1094 | D:2      | You fall into a shaft and drop 2 floors!
  1120 | D:4      | Reached XP level 4. HP: 18/41 MP: 3/3
  1463 | D:4      | Demolished by an orc wizard

Illustrated notes

Levels and vault maps discovered:
D:1:      minmay_arrival_diagonal_passages, layout_loops_ring
D:2:      layout_basic, ebering_ecumenical_altar_webs, serial_rivers,
          chequers_serial_rivers_large_a, chequers_serial_rivers_small_b,
          chequers_serial_rivers_micro_d, chequers_serial_rivers_room_a,
          chequers_serial_rivers_micro_a, chequers_serial_rivers_micro_e
D:4:      layout_cave_pools, serial_park, serial_park_tiny_pond,
          serial_park_square1 [serial_park_minivault_5x5_6], serial_park_paths
          [serial_park_minivault_5x5_1], serial_park_square3
          [serial_park_minivault_5x5_6], gup_sewer_entry_bubbles, minivault_14

Skill      XL: |  1  2  3 |
---------------+----------+-----
Fighting       | 4 |  4.3
Shields        | 4 |  4.5
Armour         | 4 |  4.1
Axes           | 3 |  3.8
Dodging        | |  0.5

Action                   |  1- 3 |  4- 6 || total
-------------------------+-------+-------++-------
Melee: War axe           |    72 |    25 ||    97
       Headbutt          |     8 |     1 ||     9
Armor: Scale mail        |    40 |    25 ||    65
Dodge: Dodged            |    32 |    11 ||    43
Block: Buckler           |    12 |     3 ||    15
